 Dungeon Crawl Stone Soup version 0.30.0 (webtiles) character file.

Game seed: 3909048757499093330

392 Persephone the Slasher (level 6, -2/51 HPs)
             Began as a Merfolk Berserker on May 6, 2023.
             Was a Believer of Trog.
             Succumbed to a water moccasin's poison
             ... on level 5 of the Dungeon.
             The game lasted 00:04:59 (3268 turns).

Persephone the Slasher (Merfolk Berserker)          Turns: 3268, Time: 00:05:00

Health: -2/51      AC:  5    Str: 18    XL:     6   Next: 80%
Magic:  6/6        EV: 12    Int:  6    God:    Trog [**....]
Gold:   202        SH:  0    Dex: 15    Spells: 5/5 levels left

rFire   . . .        a - +1 falchion
rCold   . . .        (no shield)
rNeg    + . .        r - +0 leather armour
rPois   .            (no helmet)
rElec   .            j - +0 cloak
rCorr   .            k - +0 pair of gloves
SInv    +            (no boots)
Will    ++...        (no amulet)
Stlth   +            f - ring of positive energy
HPRegen 1.28/turn    o - ring of see invisible
MPRegen 0.10/turn

%: no passive effects
@: lethally poisoned (-2 -> -19), strong-willed (expiring), regenerating
(expiring)
A: (nimble swimmer 2), mertail
a: Renounce Religion, Berserk, Trog's Hand


You were on level 5 of the Dungeon.
You worshipped Trog.
Trog was pleased with you.
You visited 1 branch of the dungeon, and saw 5 of its levels.

You collected 202 gold pieces.

Inventory:

Hand Weapons
 a - a +1 falchion (weapon)
Armour
 b - a +0 animal skin
 j - a +0 cloak (worn)
 k - a +0 pair of gloves (worn)
 r - a +0 leather armour (worn)
Jewellery
 f - a ring of positive energy (left hand)
 o - a ring of see invisible (right hand)
Wands
 h - a wand of flame (53)
Scrolls
 d - a scroll of teleportation
 i - a scroll of immolation
 n - a scroll of enchant weapon
 p - a scroll of vulnerability
 t - a scroll of fear
Potions
 c - a potion of resistance
 e - 5 potions of heal wounds
 g - 7 potions of curing
 l - a potion of haste
 m - a potion of attraction
 s - a potion of degeneration


   Skills:
 + Level 5.3 Fighting
 * Level 7.6 Long Blades
 - Level 1.3 Armour
 - Level 2.6 Dodging


You had 5 spell levels left.
You didn't know any spells.
Your spell library was empty.

Dungeon Overview and Level Annotations

Branches:
Dungeon (5/15)
 Temple: D:4-7

Altars:
Nemelex Xobeh
Sif Muna


Innate Abilities, Weirdness & Mutations

((You are very nimble when in or above water. (Stealth+, EV+, Speed+++)))
Your lower body shifts to a powerful aquatic tail in water.


Message History

The water moccasin is moderately wounded.
The water moccasin barely misses you. The water moccasin bites you.
You are poisoned.
The water moccasin poisons you!
You hit the water moccasin.
The water moccasin is heavily wounded.
You feel very sick. The water moccasin bites you.
You are more poisoned.
The water moccasin poisons you!
Your skin crawls.
You feel strong-willed.
You feel very sick.
An orc comes into view. It is wielding a +0 flail.
The water moccasin bites you.
You hit the water moccasin.
The water moccasin is severely wounded.
You feel very sick. The water moccasin bites you.
You are more poisoned.
The water moccasin poisons you!
You slash the water moccasin!
The water moccasin is almost dead.
You feel very sick. The water moccasin bites you.
* * * LOW HITPOINT WARNING * * *
You are lethally poisoned!
The water moccasin poisons you!
An orc comes into view. It is wielding a +0 club.
The water moccasin barely misses you.
You fail to use your ability.
You feel the effects of Trog's Hand fading.
* * * LOW HITPOINT WARNING * * *
You feel extremely sick.
The orc shouts!
The water moccasin bites you.
* * * LOW HITPOINT WARNING * * *
You barely miss the water moccasin.
The water moccasin is almost dead.
You die...

#.. .## #.. # ....
#.. ####.###..#
#.. #...#....
#..###.##.#.##
#..<.........#####
##.###.....<......
#.......#...####
##########@## #S#
#o# #o# #o# #.#
#o# #.#


You could see a water moccasin and 4 orcs.

Vanquished Creatures
  An ogre (D:4)
  A scorpion (D:4)
  2 jellies (D:4)
  3 iguanas (D:4)
  A sleepcap (D:4)
  4 adders
  A worm (D:4)
  An orc (D:3)
  6 ball pythons
  4 bats
  4 endoplasms (D:4)
  3 giant cockroaches
  4 goblins
  3 hobgoblins
  4 frilled lizards
  8 kobolds
  3 rats
53 creatures vanquished.

Notes
Turn   | Place    | Note
-------+----------+-------------------------------------------
     0 | D:1      | Persephone the Merfolk Berserker began the quest for the
                  | Orb.
     0 | D:1      | Reached XP level 1. HP: 18/18 MP: 1/1
    19 | D:1      | Found a faded altar of an unknown god.
   208 | D:1      | You fall into a shaft and drop 1 floor!
   208 | D:2      | Found a sparkling altar of Nemelex Xobeh.
   236 | D:2      | Reached skill level 4 in Long Blades
   281 | D:2      | Reached XP level 2. HP: 16/24 MP: 2/2
  1879 | D:3      | Reached XP level 3. HP: 29/30 MP: 3/3
  1976 | D:3      | Found a shimmering blue altar of Sif Muna.
  2202 | D:3      | Reached skill level 5 in Long Blades
  2299 | D:4      | Noticed an ogre
  2305 | D:4      | Killed an ogre
  2306 | D:4      | Reached skill level 6 in Long Blades
  2306 | D:4      | Reached XP level 4. HP: 30/38 MP: 4/4
  2306 | D:4      | Reached XP level 5. HP: 34/43 MP: 5/5
  2518 | D:4      | Reached XP level 6. HP: 49/50 MP: 6/6
  2583 | D:4      | Reached ** piety under Trog
  2685 | D:4      | Reached skill level 5 in Fighting
  2685 | D:4      | Reached skill level 7 in Long Blades
  3237 | D:5      | Entered Level 5 of the Dungeon
  3256 | D:5      | Noticed a water moccasin
  3268 | D:5      | Succumbed to a water moccasin's poison

Illustrated notes

Levels and vault maps discovered:
D:1:      dpeg_arrival_tiny_c, layout_basic, serial_glass, glass_columns_c,
          glass_columns_a, glass_columns_b, glass_columns_a, glass_columns_c,
          glass_columns_b, ebering_ecumenical_altar_sacrificial,
          chequers_serial_rivers_large_b
D:2:      layout_basic, basic_altar
D:3:      layout_rooms, nicolae_sif_muna_little_library,
          nicolae_elevator_lobby_plus
D:4:      layout_cave_pools
D:5:      layout_loops_ring, temple_statues

Skill      XL: |  1  2  3  4  5  6 |
---------------+-------------------+-----
Long Blades    | 4 6 7 |  7.6
Fighting       | 4 5 |  5.3
Armour         | |  1.3
Dodging        | |  2.6

Action                     |  1- 3 |  4- 6 || total
---------------------------+-------+-------++-------
  Melee: Falchion          |    98 |    97 ||   195
         Punch             |       |     2 ||     2
 Invoke: Berserk           |     1 |       ||     1
         Trog's Hand       |       |     3 ||     3
    Use: Scroll            |     7 |     6 ||    13
   Stab: Sleeping          |     1 |       ||     1
 Armour: Animal skin       |    31 |       ||    31
         Leather armour    |       |    20 ||    20
  Dodge: Dodged            |    56 |    67 ||   123
